 Dungeon Crawl Stone Soup version 0.28.0-1-gb440e238dd (webtiles) character file.

Game seed: 15258844654677611717

181 Ablot the Grasshopper (level 5, -5/43 HPs)
             Began as a Gnoll Warper on Feb 26, 2022.
             Slain by a scorpion (6 damage)
             ... on level 4 of the Dungeon.
             The game lasted 00:03:07 (3565 turns).

Ablot the Grasshopper (Gnoll Warper)                Turns: 3565, Time: 00:03:08

Health: -5/43      AC:  5    Str: 12    XL:     5   Next: 61%
Magic:  12/12      EV: 13    Int: 12    God:
Gold:   186        SH:  0    Dex: 12    Spells: 12/14 levels left

rFire   . . .      SeeInvis .   a - +0 spear
rCold   . . .      Faith    .   (no shield)
rNeg    . . .      Spirit   .   b - +0 leather armour
rPois   .          Reflect  .   f - +0 helmet
rElec   .          Harm     .   (no cloak)
rCorr   .          Rampage  .   i - +0 pair of gloves
Will    .....                   (no boots)
Stlth   +.........              (no amulet)
HPRegen 0.14/turn               (no ring)
MPRegen 0.13/turn               (no ring)

@: lethally poisoned (-5 -> -12)
A: fangs 1, strong nose, distributed training
a: no special abilities


You were on level 4 of the Dungeon.
You visited 1 branch of the dungeon, and saw 4 of its levels.

You collected 186 gold pieces.

Inventory:

Hand Weapons
 a - a +0 spear (weapon)
Missiles
 d - 5 boomerangs of dispersal (quivered)
 e - 68 stones
Armour
 b - a +0 leather armour (worn)
 f - a +0 helmet (worn)
 i - a +0 pair of gloves (worn)
Scrolls
 c - a scroll of blinking
 g - 4 scrolls of identify {unknown}
 h - 2 scrolls of enchant weapon {unknown}
 j - a scroll of teleportation {unknown}
Potions
 k - a potion of haste {unknown}


   Skills:
 + Level 4.8 Fighting
 + Level 1.5 Short Blades
 + Level 1.5 Long Blades
 + Level 1.5 Axes
 + Level 1.5 Maces & Flails
 + Level 4.8 Polearms
 + Level 1.5 Staves
 + Level 1.5 Slings
 + Level 1.5 Bows
 + Level 1.5 Crossbows
 + Level 3.0 Throwing
 + Level 3.0 Armour
 + Level 4.8 Dodging
 + Level 1.5 Stealth
 + Level 1.5 Shields
 + Level 1.5 Unarmed Combat
 + Level 5.2 Spellcasting
 + Level 1.2 Conjurations
 + Level 1.2 Hexes
 + Level 1.2 Summonings
 + Level 1.2 Necromancy
 + Level 5.5 Translocations
 + Level 1.2 Transmutations
 + Level 1.2 Fire Magic
 + Level 1.2 Ice Magic
 + Level 1.2 Air Magic
 + Level 1.2 Earth Magic
 + Level 1.2 Poison Magic
 + Level 1.7 Invocations
 + Level 1.5 Evocations


You had 12 spell levels left.
You knew the following spells:

 Your Spells              Type           Power      Damage    Failure   Level
a - Blink                 Tloc           32%        N/A       3%          2

Your spell library contained the following spells:

 Spells                   Type           Power      Damage    Failure   Level
 Gell's Gravitas          Tloc           16%        N/A       8%          3
 Lesser Beckoning         Tloc           16%        N/A       8%          3
 Teleport Other           Tloc           16%        N/A       8%          3
 Manifold Assault         Tloc           16%        N/A       56%         5


Dungeon Overview and Level Annotations

Branches:
Dungeon (4/15)
 Temple: D:4-7

Altars:

Annotations:
D:2 1 runed translucent door, exclusion: door


Innate Abilities, Weirdness & Mutations

You have very sharp teeth.
Your uncanny sense of smell can sniff out nearby items.
Your experience applies equally to all skills.


Message History

You are too injured to fight recklessly!
You are too injured to fight recklessly!
You are too injured to fight recklessly!
You are too injured to fight recklessly!
You hit the scorpion.
The scorpion is severely wounded.
The scorpion barely misses you.
You hit the scorpion.
The scorpion is almost dead.
The scorpion stings you!
* * * LOW HITPOINT WARNING * * *
The scorpion completely misses you.
You hit the scorpion.
You bite the scorpion, but do no damage.
The scorpion is almost dead.
The scorpion misses you.
You hit the scorpion but do no damage.
The scorpion is almost dead.
The scorpion barely misses you.
You hit the scorpion.
The scorpion is almost dead.
The scorpion stings you.
* * * LOW HITPOINT WARNING * * *
You hit the scorpion but do no damage.
The scorpion is almost dead.
The scorpion stings you.
* * * LOW HITPOINT WARNING * * *
You are lethally poisoned!
The scorpion poisons you!
Unknown command.
You completely miss the scorpion.
The scorpion is almost dead.
* * * LOW HITPOINT WARNING * * *
You feel very sick.
The scorpion stings you but does no damage.
You hit the scorpion but do no damage.
The scorpion is almost dead.
* * * LOW HITPOINT WARNING * * *
You feel sick. The scorpion stings you.
You die...

## .. ######### .#
#........ .#
###.#### .#
.......# .#
###.##.##########s#
#.#...........@$#
#.###############
..# ###


You could see a scorpion.

Vanquished Creatures
  A hound (D:3)
  A scorpion zombie (D:4)
  6 adders
  A worm (D:3)
  3 dart slugs
  4 orcs
  7 bats
  5 endoplasms
  3 giant cockroaches
  3 goblins (D:1)
  9 hobgoblins
  2 jackals (D:3)
  2 quokkas (D:1)
  7 ball pythons
  5 kobolds
  5 rats
64 creatures vanquished.

Notes
Turn   | Place    | Note
-------+----------+-------------------------------------------
     0 | D:1      | Ablot the Gnoll Warper began the quest for the Orb.
     0 | D:1      | Reached XP level 1. HP: 20/20 MP: 6/6
    33 | D:1      | Reached XP level 2. HP: 8/26 MP: 7/7
   670 | D:1      | Reached XP level 3. HP: 30/31 MP: 9/9
   673 | D:1      | Learned a level 2 spell: Blink
   756 | D:1      | Reached skill level 5 in Spellcasting
   990 | D:2      | Reached skill level 1 in Invocations
  1088 | D:2      | Found a faded altar of an unknown god.
  1111 | D:2      | Reached skill level 1 in Short Blades
  1111 | D:2      | Reached skill level 1 in Long Blades
  1111 | D:2      | Reached skill level 1 in Axes
  1111 | D:2      | Reached skill level 1 in Maces & Flails
  1111 | D:2      | Reached skill level 1 in Staves
  1111 | D:2      | Reached skill level 1 in Slings
  1111 | D:2      | Reached skill level 1 in Bows
  1111 | D:2      | Reached skill level 1 in Crossbows
  1111 | D:2      | Reached skill level 1 in Stealth
  1111 | D:2      | Reached skill level 1 in Shields
  1111 | D:2      | Reached skill level 1 in Unarmed Combat
  1111 | D:2      | Reached skill level 1 in Evocations
  1193 | D:2      | Reached XP level 4. HP: 12/38 MP: 11/11
  1949 | D:2      | Reached skill level 1 in Conjurations
  1949 | D:2      | Reached skill level 1 in Hexes
  1949 | D:2      | Reached skill level 1 in Summonings
  1949 | D:2      | Reached skill level 1 in Necromancy
  1949 | D:2      | Reached skill level 1 in Transmutations
  1949 | D:2      | Reached skill level 1 in Fire Magic
  1949 | D:2      | Reached skill level 1 in Ice Magic
  1949 | D:2      | Reached skill level 1 in Air Magic
  1949 | D:2      | Reached skill level 1 in Earth Magic
  1949 | D:2      | Reached skill level 1 in Poison Magic
  2067 | D:2      | Found a runed translucent door.
  2610 | D:3      | Reached XP level 5. HP: 36/43 MP: 12/12
  3564 | D:4      | HP: 2/43 [poisoned by a scorpion]
  3565 | D:4      | Slain by a scorpion

Illustrated notes

Levels and vault maps discovered:
D:1:      minmay_arrival_solitary_statue, layout_rooms
D:2:      layout_loops_ring, basic_ecumenical_altar, uniq_crazy_yiuf_cottage
D:3:      layout_basic, minmay_misc_feat_secret_circle, minmay_hedge_maze,
          kennysheep_cluttered_room
D:4:      layout_basic, minivault_4

Skill      XL: |  1  2  3  4  5 |
---------------+----------------+-----
Spellcasting   | 5 |  5.2
Invocations    | 1 |  1.7
Short Blades   | 1 |  1.5
Long Blades    | 1 |  1.5
Axes           | 1 |  1.5
Maces & Flails | 1 |  1.5
Staves         | 1 |  1.5
Slings         | 1 |  1.5
Bows           | 1 |  1.5
Crossbows      | 1 |  1.5
Stealth        | 1 |  1.5
Shields        | 1 |  1.5
Unarmed Combat | 1 |  1.5
Evocations     | 1 |  1.5
Conjurations   | 1 |  1.2
Hexes          | 1 |  1.2
Summonings     | 1 |  1.2
Necromancy     | 1 |  1.2
Transmutations | 1 |  1.2
Fire Magic     | 1 |  1.2
Ice Magic      | 1 |  1.2
Air Magic      | 1 |  1.2
Earth Magic    | 1 |  1.2
Poison Magic   | 1 |  1.2
Throwing       | 3 |  3.0
Armour         | 3 |  3.0
Fighting       | |  4.8
Polearms       | |  4.8
Dodging        | |  4.8
Translocations | |  5.5

Action                   |  1- 3 |  4- 6 || total
-------------------------+-------+-------++-------
Melee: Spear             |   139 |   197 ||   336
       Bite              |    14 |    19 ||    33
       Punch             |     1 |     3 ||     4
 Stab: Sleeping          |       |     4 ||     4
       Distracted        |       |     1 ||     1
Armor: Leather armour    |    35 |    33 ||    68
Dodge: Dodged            |    89 |    86 ||   175
